 Dungeon Crawl Stone Soup version 0.24-a0-458-gfcb5e6da0e (webtiles) character file.

Game seed: 3148769798541974170

249 Mrkan the Chopper (level 5, -1/50 HPs)
             Began as a Deep Dwarf Fighter on June 27, 2019.
             Slain by an ogre
             ... wielding a +0 giant club
              (15 damage)
             ... on level 4 of the Dungeon.
             The game lasted 00:05:12 (2341 turns).

Mrkan the Chopper (Deep Dwarf Fighter)              Turns: 2341, Time: 00:05:12

Health: -1/50      AC: 10    Str: 20    XL:     5   Next: 86%
Magic:  5/5        EV:  5    Int:  9    God:
Gold:   136        SH: 14    Dex: 12    Spells: 4/4 levels left

rFire    + . .     SeeInvis .   a - +0 war axe
rCold    . . .     Gourm    .   c - +0 shield
rNeg     . . .     Faith    .   m - +0 chain mail
rPois    .         Spirit   .   (no helmet)
rElec    .         Reflect  +   (no cloak)
rCorr    +         Harm     .   (no gloves)
MR       .....                  q - +0 pair of boots (curse)
Stlth    ..........             s - +5 amulet of reflection
HPRegen  0.00/turn              n - ring of protection from fire
MPRegen  0.09/turn              r - ring of resist corrosion

@: non-regenerating
A: damage resistance, heal wounds, sense surroundings 1, no regeneration
a: Heal Wounds


You were on level 4 of the Dungeon.
You were not hungry.

You visited 1 branch of the dungeon, and saw 4 of its levels.

You collected 136 gold pieces.

Inventory:

Hand Weapons
 a - a +0 war axe (weapon)
Missiles
 o - 13 bolts
 t - 42 stones (quivered)
Armour
 c - a +0 shield (worn)
 m - a +0 chain mail (worn)
 q - a cursed +0 pair of boots (worn)
Jewellery
 n - a ring of protection from fire (left hand)
 r - a ring of resist corrosion (right hand)
 s - a +5 amulet of reflection (around neck)
Scrolls
 b - 2 scrolls of magic mapping {unknown}
 e - 3 scrolls of teleportation {unknown}
 g - 2 scrolls of identify {unknown}
 i - a scroll of remove curse {unknown}
 k - a scroll of amnesia {unknown}
Potions
 d - 2 potions of might
 h - 3 potions of curing
 j - 2 potions of agility {unknown}
 l - a potion of degeneration {unknown}
 p - a potion of invisibility {unknown}
 v - a potion of cancellation {unknown}
Comestibles
 f - 7 rations
 u - 3 chunks of flesh


   Skills:
 + Level 3.7 Fighting
 * Level 5.1 Axes
 - Level 3.2 Armour
 + Level 4.5 Shields


You had 4 spell levels left.
You didn't know any spells.
Your spell library was empty.

Dungeon Overview and Level Annotations

Branches:
Dungeon (4/15)
 Temple: D:4-7

Altars:
Hepliaklqana
Xom
The Shining One


Innate Abilities, Weirdness & Mutations

You are resistant to damage.
You can heal yourself by infusing magical energy.
You passively map a small area around you.
You do not regenerate.


Message History

You block the adder's attack.
You slash the ogre!
The ogre is heavily wounded.
You slash the adder!
You kill the adder!
The ogre hits you with a +0 giant club!!
Ouch! That really hurt!
* * * LOW HITPOINT WARNING * * *
Wield which item (- for none, * to show all)? (? for menu, Esc to quit)
Okay, then.
Okay, then.
You feel much better. The ogre barely misses you.
You hit the ogre.
The ogre is severely wounded.
The ogre hits you with a +0 giant club!!
* * * LOW HITPOINT WARNING * * *
You hit the ogre.
The ogre is severely wounded.
The ogre hits you with a +0 giant club!
You die...

#### , ,, * #... .
#... * .. #### #...
... * ##..#### #...
, .... * #......#
#### .....##
#.####.# # ,
......O###.####.###
## , , ,
#†@.....##...# #. *
#.......#..###.# #.
######..##..##.##
#. ##..<......# #.
#...####.#..####.
#.### #......#.. ,
* # ####..÷..# , ,
* * #...#.# * , ,,
**#.#...#


You could see an ogre.

Vanquished Creatures
  Jessica (D:2)
  Natasha (D:2)
  A worker ant (D:3)
  4 gnolls
  4 adders
  3 worms (D:3)
  2 dart slugs
  2 leopard geckos
  An orc (D:3)
  2 giant cockroaches
  6 hobgoblins
  12 jackals
  5 quokkas
  2 ball pythons
  10 bats
  3 frilled lizards
  7 goblins
  12 kobolds
  A quokka skeleton (D:4)
  8 rats
87 creatures vanquished.

Notes
Turn   | Place    | Note
-------+----------+-------------------------------------------
     0 | D:1      | Mrkan the Deep Dwarf Fighter began the quest for the Orb.
     0 | D:1      | Reached XP level 1. HP: 20/20 MP: 1/1
    58 | D:1      | Reached XP level 2. HP: 27/27 MP: 2/2
   388 | D:1      | Reached skill level 3 in Axes
   533 | D:1      | Reached XP level 3. HP: 34/34 MP: 3/3
   889 | D:2      | Noticed Jessica
   905 | D:2      | Killed Jessica
   905 | D:2      | Reached XP level 4. HP: 39/42 MP: 4/4
   934 | D:2      | Found a glowing golden altar of the Shining One.
  1102 | D:2      | Noticed Natasha
  1109 | D:2      | Killed Natasha
  1109 | D:2      | Reached skill level 4 in Axes
  1733 | D:3      | Found a shimmering altar of Xom.
  1734 | D:3      | Found a hazy altar of Hepliaklqana.
  1735 | D:3      | Noticed a spectral ugly thing
  1741 | D:3      | Reached XP level 5. HP: 49/49 MP: 5/5
  2057 | D:3      | You fall into a shaft and drop 1 floor!
  2058 | D:4      | Noticed an ogre
  2084 | D:3      | Reached skill level 5 in Axes
  2334 | D:4      | Noticed an ogre
  2341 | D:4      | Slain by an ogre

Levels and vault maps discovered:
D:1:      lightli_arrival_noodles, layout_basic, minmay_misc_feat_more_columns,
          minmay_tall_x
D:2:      layout_basic, tso_oasis_becter, uniq_jessica, uniq_natasha
D:3:      layout_basic, regret_index_temple_of_mockery
D:4:      layout_rooms, serial_shops, shop, serial_curves, eino_curves_04,
          eino_curves_02

Skill      XL: |  1  2  3  4  5 |
---------------+----------------+-----
Axes           | 3 4 5 |  5.1
Fighting       | 3 |  3.7
Shields        | 4 |  4.5
Armour         | |  3.2

Action                   |  1- 3 |  4- 6 || total
-------------------------+-------+-------++-------
Melee: War axe           |   120 |   186 ||   306
 Abil: Heal Wounds       |       |     2 ||     2
  Eat: Chunk             |       |     2 ||     2
       Ration            |       |     1 ||     1
Armor: Scale mail        |    20 |       ||    20
       Chain mail        |    23 |    85 ||   108
Dodge: Dodged            |    48 |    36 ||    84
Block: Shield            |    74 |   114 ||   188

Table legend:
 A = Non-vault XP
 B = Vault XP
 C = Vault XP percentage of total XP
 D = Non-vault monster count
 E = Vault monster count
 F = Vault count percentage of total count
                 A         B        C        D         E       F
            +---------+---------+-------+---------+---------+-------
      Total |     277 |      79 |  22.2 |      81 |       6 |   6.9
            +---------+---------+-------+---------+---------+-------
        D:1 |      42 |       6 |  12.5 |      17 |       4 |  19.0
        D:2 |      62 |      73 |  54.1 |      31 |       2 |   6.1
        D:3 |     156 |       0 |   0.0 |      29 |       0 |   0.0
        D:4 |      17 |       0 |   0.0 |       4 |       0 |   0.0
            +---------+---------+-------+---------+---------+-------
